 Dungeon Crawl Stone Soup version 0.29.1-1-gd02db6906a (webtiles) character file.

Game seed: 13825417805369265598

5 FastidiousMonk the Grave Robber (level 1, 0/14 HPs)
             Began as a Ghoul Necromancer on Oct 4, 2022.
             Slain by a goblin
             ... wielding a +0 dagger
              (2 damage)
             ... on level 1 of the Dungeon.
             The game lasted 00:05:50 (668 turns).

FastidiousMonk the Grave Robber (Ghoul Necromancer)  Turns: 668, Time: 00:05:51

Health: 0/14       AC:  2    Str: 11    XL:     1   Next: 80%
Magic:  2/2        EV: 12    Int: 10    God:
Gold:   83         SH:  0    Dex:  9    Spells: 2/3 levels left

rFire   . . .      SeeInvis .   (no weapon)
rCold   + . .      Faith    .   (no shield)
rNeg    + + +      Spirit   .   a - +0 robe
rPois   ∞          Reflect  .   (no helmet)
rElec   .          Harm     .   (no cloak)
rCorr   .          Rampage  .   (no gloves)
Will    .....                   (no boots)
Stlth   ++........              (no amulet)
HPRegen 0.00/turn               c - ring of wizardry
MPRegen 0.08/turn               (no ring)

@: inhibited regen
A: claws 1, cold resistance 1, negative energy resistance 3, inhibited
regeneration, torment resistance 2, devour on kill
a: no special abilities


You were on level 1 of the Dungeon.
You visited 1 branch of the dungeon, and saw 2 of its levels.

You collected 83 gold pieces.

Inventory:

Armour
 a - a +0 robe (worn)
Jewellery
 c - a ring of wizardry (left claw)
Scrolls
 d - a scroll of fear {unknown}
Potions
 b - a potion of magic
 e - a potion of curing {unknown}
 f - a potion of might {unknown}


   Skills:
 + Level 0.2 Fighting
 + Level 1.9 Dodging
 + Level 2.3 Stealth
 * Level 1.9 Spellcasting
 + Level 4.0 Necromancy


You had 2 spell levels left.
You knew the following spells:

 Your Spells              Type           Power      Damage    Failure   Level
a - Necrotise             Necr           36%        1d5       2%          1

Your spell library contained the following spells:

 Spells                   Type           Power      Damage    Failure   Level
 Vampiric Draining        Necr           9%         2d6       8%          3
 Animate Dead             Necr           9%         N/A       24%         4
 Agony                    Necr           9%         N/A       52%         5


Dungeon Overview and Level Annotations

Branches:
Dungeon (2/15)

Altars:

Annotations:
D:1 1 transporter


Innate Abilities, Weirdness & Mutations

You are immune to poison.
You have sharp fingernails.
Your flesh is cold resistant. (rC+)
You are immune to negative energy. (rN+++)
You do not regenerate when monsters are visible.
You are immune to unholy pain and torment.
You thrive by killing the living.


Message History

The endoplasm writhes in agony.
The endoplasm misses you. The endoplasm freezes you.
You are frozen.
You resist. The goblin hits you with a +0 dagger.
Casting: Necrotise (safe; 2% risk of failure)
Confirm with . or Enter, or press ? or * to list all spells.
Aiming: Necrotise (safe; 2% risk of failure)
Press: ? - help, Shift-Dir - straight line, f/p - endoplasm
Aim: an endoplasm (moderately wounded, chance to affect: 76%)
The endoplasm writhes in agony.
The endoplasm hits you but does no damage.
The endoplasm closely misses you. The goblin barely misses you.
You scratch the endoplasm but do no damage.
The endoplasm is almost dead.
The endoplasm hits you. The endoplasm freezes you.
You are frozen.
You resist. The goblin hits you but does no damage.
You barely miss the endoplasm.
The endoplasm is almost dead.
The endoplasm freezes you.
You are frozen.
You resist.
The endoplasm hits you but does no damage.
The goblin barely misses you.
You scratch the endoplasm but do no damage.
The endoplasm is almost dead.
The endoplasm hits you.
* * * LOW HITPOINT WARNING * * *
The endoplasm hits you.
* * * LOW HITPOINT WARNING * * *
The goblin hits you with a +0 dagger.
* * * LOW HITPOINT WARNING * * *
You scratch the endoplasm.
You kill the endoplasm!
You feel better. The goblin hits you but does no damage.
The endoplasm freezes you.
You are frozen.
You resist.
* * * LOW HITPOINT WARNING * * *
The goblin closely misses you. The goblin attacks as you move away!
The goblin closely misses you. The goblin attacks as you move away!
The goblin hits you with a +0 dagger.
You die...

#.# #. #.# #. #### ### #.# #. #..
..# #.# #. #.# #.# #.# #.
###.#######.###########.# #.
..........#.##..........# #.
###.#####.#.####################.
................@gJ..............
###.#.###.#.####################.
#.#.#.#.#.# #... #.#.#...#.# #.##
#.#.#####.. ##.## #J#.. ..# #..≈≈
#.### ### #.~≈≈ #.# #.≈≈≈ #.#
#.≈≈~


You could see an endoplasm and a goblin.

Vanquished Creatures
  An endoplasm (D:1)
  2 hobgoblins (D:1)
  A kobold (D:1)
  A rat (D:1)
5 creatures vanquished.

Notes
Turn   | Place    | Note
-------+----------+-------------------------------------------
     0 | D:1      | FastidiousMonk the Ghoul Necromancer began the quest for
                  | the Orb.
     0 | D:1      | Reached XP level 1. HP: 14/14 MP: 2/2
   668 | D:1      | Slain by a goblin

Illustrated notes

Levels and vault maps discovered:
D:1:      spicycebolla_arrival_transporter_tutorial, layout_basic,
          minmay_close_crescents
D:2:      layout_basic, kennysheep_generic_room_13

Action                   || total
-------------------------++-------
Melee: Unarmed           ||    22
 Cast: Necrotise         ||     8
Armor: Robe              ||     7
Dodge: Dodged            ||    18
